 Dungeon Crawl Stone Soup version 0.30-a0-782-ge64f9170bb (webtiles) character file.

Game seed: 5755053566705414865

496 tognito the Trooper (level 6, -8/85 HPs)
             Began as a Minotaur Berserker on Feb 27, 2023.
             Was an Elder of Trog.
             Mangled by Duvessa
             ... wielding a +2 rapier of venom
              (12 damage)
             ... on level 5 of the Dungeon.
             The game lasted 00:06:51 (3249 turns).

tognito the Trooper (Minotaur Berserker)            Turns: 3249, Time: 00:06:52

Health: -8/85      AC: 11    Str: 23    XL:     6   Next: 93%
Magic:  5/5        EV:  9    Int:  4    God:    Trog [****..]
Gold:   234        SH:  0    Dex: 10    Spells: 5/5 levels left

rFire   + . .      SeeInvis .    a - +0 war axe
rCold   + . .      Faith    .    (no shield)
rNeg    . . .      Spirit   .    g - +0 chain mail
rPois   .          Reflect  .    (helmet restricted)
rElec   .          Harm     .    i - scarf {rC+ rF+}
rCorr   .          Rampage  .    u - +0 pair of gloves
Will    .....                    (no boots) Stlth
                                 s - amulet of magic regeneration
HPRegen 0.34/turn                (no ring)
MPRegen 0.49/turn                (no ring)

@: berserking, lethally poisoned (-8 -> -22), very quick
A: horns 2, retaliatory headbutt
a: Renounce Religion, Berserk, Trog's Hand, Brothers in Arms


You were on level 5 of the Dungeon.
You worshipped Trog.
Trog was greatly pleased with you.
You visited 1 branch of the dungeon, and saw 5 of its levels.

You collected 234 gold pieces.

Inventory:

Hand Weapons
 a - a +0 war axe (weapon)
Missiles
 j - a stone (quivered)
 q - 3 boomerangs
 r - 5 poisoned darts
Armour
 g - a +0 chain mail (worn)
 i - a scarf of resistance (worn)
 u - a +0 pair of gloves (worn)
Jewellery
 s - an amulet of magic regeneration (around neck)
Wands
 o - a wand of paralysis (8)
Scrolls
 b - a scroll of amnesia {unknown}
 c - 4 scrolls of noise {unknown}
 d - 4 scrolls of teleportation {unknown}
 e - a scroll of summoning {unknown}
 f - 3 scrolls of fog {unknown}
 h - 3 scrolls of identify {unknown}
 l - a scroll of enchant armour {unknown}
Potions
 k - a potion of resistance
 m - a potion of cancellation
 n - a potion of heal wounds
 p - a potion of flight


   Skills:
 + Level 5.7 Fighting
 + Level 5.6 Axes
 + Level 4.9 Armour
 + Level 4.5 Dodging


You had 5 spell levels left.
You didn't know any spells.
Your spell library was empty.

Dungeon Overview and Level Annotations

Branches:
Dungeon (5/15)             Temple (0/1) D:4

Altars:
Elyvilon
Trog
Xom
Zin

Annotations:
D:5 1 transporter, Duvessa


Innate Abilities, Weirdness & Mutations

You have a pair of horns on your head.
You reflexively headbutt those who attack you in melee.


Message History

The adder bites you. Dowan casts a spell at you. The puff of flame hits you.
You resist. Something hits you. The adder closely misses you.
You closely miss Dowan. Your headbutt misses Dowan.
Dowan is heavily wounded.
You miss something. You miss the adder.
You feel sick. Dowan hits you but does no damage. Something hits you.
* * * LOW HITPOINT WARNING * * *
You are more poisoned.
The adder bites you but does no damage. The adder closely misses you.
Dowan closely misses you. Something hits you.
* * * LOW HITPOINT WARNING * * *
You are more poisoned.
A red film seems to cover your vision as you go berserk!
You feel yourself moving faster!
You feel mighty!
* * * LOW HITPOINT WARNING * * *
You feel extremely sick. The adder completely misses you.
The adder bites you but does no damage. The hound bites you but does no damage.
Something hits you but does no damage. The adder bites you but does no damage.
Dowan hits you but does no damage.
You barely miss Dowan.
Dowan is moderately wounded.
You slash something! You closely miss the hound. You miss the adder.
You closely miss the adder.
* * * LOW HITPOINT WARNING * * *
You feel very sick. The adder bites you but does no damage.
The hound bites you but does no damage. The adder bites you but does no damage.
You hit Dowan. You headbutt Dowan!
You kill Dowan!
Trog accepts your kill.
Trog appreciates your killing of a magic user.
Something screams in a voice full of rage, "No, no!"
You barely miss something. You barely miss the hound.
You barely miss the adder. You closely miss the adder.
* * * LOW HITPOINT WARNING * * *
You feel very sick. Something hits you!
You die...

##########
.........########## ####
#.................###...
...$..h.........).......
......S@#########.##..##
......S).............[#A
........##............#.
.......## .######.##..#.
.<..... #.##..## ######.
..##.... ©#. #.####...
..#. #. #### #.


You could see a hound and 2 adders.

Vanquished Creatures
  An ice beast (D:4)
  Dowan (D:5)
  A howler monkey (D:5)
  A jelly (D:4)
  3 orc priests
  A hound (D:4)
  An orc wizard (D:4)
  Robin (D:3)
  3 gnolls (D:4)
  3 adders
  An ufetubus (D:5)
  A dart slug (D:3)
  6 orcs
  4 bats
  6 endoplasms
  6 giant cockroaches
  19 goblins
  12 hobgoblins
  3 jackals (D:1)
  9 kobolds
  7 quokkas
  9 ball pythons
  9 frilled lizards
  6 rats
114 creatures vanquished.

Vanquished Creatures (others)
  An orc wizard (D:4)
  18 plants (D:4)
19 creatures vanquished.

Grand Total: 133 creatures vanquished

Notes
Turn   | Place    | Note
-------+----------+-------------------------------------------
     0 | D:1      | tognito the Minotaur Berserker began the quest for the Orb.
     0 | D:1      | Reached XP level 1. HP: 19/19 MP: 0/0
   188 | D:1      | Reached XP level 2. HP: 27/27 MP: 1/1
   487 | D:1      | Reached ** piety under Trog
   523 | D:1      | Reached XP level 3. HP: 26/33 MP: 2/2
  1602 | D:2      | Found a faded altar of an unknown god.
  1819 | D:3      | Reached XP level 4. HP: 36/41 MP: 3/3
  1976 | D:3      | Reached *** piety under Trog
  2007 | D:3      | Noticed Robin
  2016 | D:3      | Killed Robin
  2327 | D:4      | Reached XP level 5. HP: 41/47 MP: 4/4
  2357 | D:4      | Found a staircase to the Ecumenical Temple.
  2380 | D:4      | Reached skill level 5 in Fighting
  2425 | D:4      | Reached skill level 5 in Axes
  2425 | D:4      | Reached **** piety under Trog
  2426 | D:4      | Reached XP level 6. HP: 20/56 MP: 5/5
  2659 | D:4      | Found a white marble altar of Elyvilon.
  2766 | D:4      | Noticed an ice beast
  2777 | D:4      | Killed an ice beast
  2886 | D:5      | Entered Level 5 of the Dungeon
  2936 | D:5      | Noticed an angel
  2939 | D:5      | Found a shimmering altar of Xom.
  2940 | D:5      | Found a glowing silver altar of Zin.
  3096 | D:5      | Found a bloodstained altar of Trog.
  3242 | D:5      | Found a transporter.
  3242 | D:5      | Noticed Duvessa
  3242 | D:5      | Noticed Dowan
  3249 | D:5      | Killed Dowan
  3249 | D:5      | HP: 4/85 [poisoned by Duvessa]
  3249 | D:5      | Mangled by Duvessa

Illustrated notes

Levels and vault maps discovered:
D:1:      grunt_arrival_lava_bath, layout_loops_corners, st_stairs_4,
          serial_park_tiny_2, patterned_corridor
D:2:      layout_basic, hellmonk_ecumenical_altar_pennies_from_heaven
D:3:      layout_basic, serial_corexii_hall, corexii_hall_statues_x,
          chequers_hall_statues_y, minmay_crystal_water, uniq_robin
D:4:      layout_basic, mainiacjoe_overflow_cross_hatched,
          minmay_temple_entry_grid
D:5:      layout_loops_ring, grunt_temple_overflow_order_and_chaos_1,
          mainiacjoe_overflow_alcove_2, mainiacjoe_overflow_paths,
          gammafunk_ghost_smash, kennysheep_small_spiral, uniq_duvessa

Skill      XL: |  1  2  3  4  5 |
---------------+----------------+-----
Fighting       | 4 5 |  5.7
Axes           | 4 5 |  5.6
Armour         | 3 4 |  4.9
Dodging        | 3 4 |  4.5

Action                     |  1- 3 |  4- 6 || total
---------------------------+-------+-------++-------
  Melee: Hand axe          |    96 |   104 ||   200
         Headbutt          |    11 |    21 ||    32
         Punch             |     1 |     2 ||     3
         War axe           |       |     5 ||     5
  Throw: Stone             |     5 |    20 ||    25
 Invoke: Berserk           |       |     3 ||     3
    Use: Potion            |     7 |     4 ||    11
 Armour: Animal skin       |     5 |       ||     5
         Chain mail        |    23 |    77 ||   100
         Ring mail         |     8 |       ||     8
  Dodge: Dodged            |    53 |    57 ||   110

Table legend: (Time is in decaauts)
 A = Elapsed time spent in this place.
 B = Non-inter-level travel time spent in this place.
 C = Inter-level travel time spent in this place.
 D = Time resting spent in this place.
 E = Time spent auto-exploring this place.
 F = Levels seen in this place.
 G = Mean time per level.
                   A        B        C        D        E       F      G
               +--------+--------+--------+--------+--------+-----+--------+
         Total |   3292 |   3211 |     81 |     48 |   2506 |   5 |  658.4 |
       Dungeon |   3292 |   3211 |     81 |     48 |   2506 |   5 |  658.4 |
               +--------+--------+--------+--------+--------+-----+--------+

Top non-repeatable levels by time:
     D:1: 998 daAuts
     D:2: 740 daAuts
     D:4: 598 daAuts
     D:3: 592 daAuts
     D:5: 362 daAuts
